 Dungeon Crawl Stone Soup version 0.29.0-4-gdea44cf6ec (webtiles) character file.

Game seed: 10947821020749601443

78262 Shayle the Nimble (level 15, 0/98 HPs)
             Began as a Tengu Brigand on Aug 27, 2022.
             Was a Believer of Ashenzari.
             Engulfed by a cloud of flame (15 damage)
             ... on level 14 of the Dungeon.
             The game lasted 01:52:57 (31496 turns).

Shayle the Nimble (Tengu Brigand)                  Turns: 31496, Time: 01:52:58

Health: 0/98       AC: 12    Str: 12    XL:     15   Next: 59%
Magic:  26/29      EV: 22    Int: 21    God:    Ashenzari [**....]
Gold:   2070       SH:  0    Dex: 20    Spells: 11/32 levels left

rFire   . . .      SeeInvis +   N - +6 spear of Yrphulop {spect, rN+ Will+ Int+3 Dex+4}
rCold   . . .      Faith    .   (no shield)
rNeg    + . .      Spirit   .   m - +3 ring mail
rPois   +          Reflect  .   (helmet restricted)
rElec   .          Harm     .   c - +1 cloak of Supernal Wisdom {Elem, Comp} (curse)
rCorr   +          Rampage  .   n - +0 pair of gloves
Will    ++...                   (boots unavailable)
Stlth   ++++......              (no amulet)
HPRegen 0.26/turn               x - ring of Panopticon {rCorr, Cun, Bglg} (curse)
MPRegen 0.21/turn               Q - ring of Toth-Mos's Legacy {rPois, Evo, Self} (curse)

@: flying quickly and evasively, quick
A: beak, talons 3, nimble flight
a: Renounce Religion, Curse Item, Shatter the Chains


You were on level 14 of the Dungeon.
You worshipped Ashenzari.
Ashenzari was pleased with you.
You visited 4 branches of the dungeon, and saw 22 of its levels.
You also visited: Ossuary and Bailey.

You collected 2322 gold pieces.
You spent 252 gold pieces at shops.

Inventory:

Hand Weapons
 a - a +2 dagger of venom
 v - a +3 morningstar of holy wrath
 y - a +3 scimitar of flaming
 E - the +3 short sword of Ragnarok {venom, rPois rN+}
   (You bought it in a shop on level 9 of the Dungeon)

   It poisons the flesh of those it strikes.
   rPois:     It protects you from poison.
   rN:        It protects you from negative energy.
 H - the +7 quarterstaff of the Charming Big Fish {flame, Dex+2}
   (You took it off Urug on level 5 of the Lair of Beasts)

   It burns those it strikes, dealing additional fire damage.
   Dex:       It affects your dexterity (+2).
 N - the +6 spear of Yrphulop (weapon) {spect, rN+ Will+ Int+3 Dex+4}
   (You found it on level 4 of the Lair of Beasts)

   When its wielder attacks, the weapon's spirit leaps out and strikes again.
   The spirit shares a part of any damage it takes with its wielder.
   Int:       It affects your intelligence (+3).
   Dex:       It affects your dexterity (+4).
   rN:        It protects you from negative energy.
   Will:      It increases your willpower.
Missiles
 d - 36 poisoned darts (quivered)
 e - 4 curare-tipped darts
 B - 5 atropa-tipped darts
 J - 21 boomerangs
 P - a throwing net
Armour
 c - the cursed +1 cloak of Supernal Wisdom (worn) {Elem, Comp}

   It has a curse which improves the following skills: Elements: Fire Magic, Ice
   Magic, Air Magic and Earth Magic.
   Companions: Summonings and Necromancy.
 m - a +3 ring mail (worn)
 n - a +0 pair of gloves (worn)
 o - the +0 ring mail of Hospitality {Slay+4}
   (You found it on level 2 of the Dungeon)

   Slay:      It affects your accuracy & damage with ranged weapons and melee
   (+4).
 C - a scarf of resistance
Jewellery
 q - an amulet of magic regeneration
 w - a ring of ice
 x - the cursed ring of Panopticon (left hand) {rCorr, Cun, Bglg}
   (You found it on level 3 of the Dungeon)

   [ring of resist corrosion]

   rCorr:     It protects you from acid and corrosion.
   It has a curse which improves the following skills: Cunning: Dodging and
   Stealth.
   Beguiling: Conjurations, Hexes and Translocations.
 Q - the cursed ring of Toth-Mos's Legacy (right hand) {rPois, Evo, Self}
   (You found it on level 2 of the Lair of Beasts)

   [ring of poison resistance]

   rPois:     It protects you from poison.
   It has a curse which improves the following skills: Evocations: Evocations.
   Introspection: Fighting and Spellcasting.
 T - a ring of willpower
 Y - a +6 ring of strength
Wands
 f - a wand of digging (8)
 k - a wand of paralysis (11)
 D - a wand of flame (1)
Scrolls
 p - 4 scrolls of vulnerability
 r - 2 scrolls of butterflies
 s - 4 scrolls of teleportation
 z - 5 scrolls of magic mapping
 A - a scroll of enchant weapon
 F - a scroll of blinking
 G - 5 scrolls of poison
 S - 3 scrolls of amnesia
 V - a scroll of summoning
 W - a scroll of silence
 X - 3 scrolls of torment
Potions
 b - 9 potions of might
 g - a potion of berserk rage
 h - 4 potions of brilliance
 i - a potion of heal wounds
 j - 8 potions of curing
 t - 3 potions of mutation
 u - a potion of ambrosia
 I - 2 potions of lignification
 K - a potion of magic
 M - 3 potions of cancellation
 O - 2 potions of resistance
 U - 2 potions of haste
Miscellaneous
 R - a tin of tremorstones (2/2)


   Skills:
 + Level 11.8(13.0) Fighting
 - Level 2.3 Short Blades
 - Level 2.0 Throwing
 - Level 6.0 Armour
 + Level 11.9(13.1) Dodging
 - Level 9.9(11.1) Stealth
 + Level 7.8(9.1) Spellcasting
 - Level 9.7(10.9) Conjurations
 + Level 7.1(8.4) Translocations
 + Level 8.9(10.2) Fire Magic
 - Level 9.4(10.7) Air Magic
 - Level 7.0 Poison Magic
 + Level 7.3(8.6) Evocations


You had 11 spell levels left.
You knew the following spells:

 Your Spells              Type           Power      Damage    Failure   Level
a - Mephitic Cloud        Conj/Pois/Air  49%        N/A       1%          3
b - Olgreb's Toxic Radia  Pois           39%        N/A       9%          4
c - Passage of Golubria   Tloc           45%        N/A       4%          4
d - Fireball              Conj/Fire      26%        3d12      5%          5
e - Irradiate             Conj/Tmut      16%        3d17      38%         5

Your spell library contained the following spells:

 Spells                   Type           Power      Damage    Failure   Level
 Magic Dart               Conj           100%       1d8       1%          1
 Poisonous Vapours        Pois/Air       92%        N/A       1%          2
 Static Discharge         Conj/Air       53%        3-10/arc  1%          2
 Gell's Gravitas          Tloc           45%        N/A       1%          3
 Lesser Beckoning         Tloc           45%        N/A       1%          3
 Swiftness                Air            53%        N/A       1%          3
 Teleport Other           Tloc           45%        N/A       1%          3
 Airstrike                Air            26%        2d(4-20)  1%          4
 Sting                    Tmut/Pois      96%        1d7       3%          1
 Stone Arrow              Conj/Erth      64%        3d11      4%          3
 Lightning Bolt           Conj/Air       26%        1d42      4%          5
 Portal Projectile        Hex/Tloc       54%        N/A       8%          3
 Spider Form              Tmut/Pois      24%        N/A       11%         3
 Beastly Appendage        Tmut           18%        N/A       14%         1
 Sandblast                Erth           20%        2d7       14%         1
 Summon Lightning Spire   Summ/Air       32%        N/A       16%         4
 Call Imp                 Summ           10%        N/A       21%         2
 Sublimation of Blood     Necr           10%        N/A       21%         2
 Passwall                 Tmut/Erth      7%         N/A       22%         2
 Wereblood                Tmut           9%         N/A       22%         2
 Starburst                Conj/Fire      26%        6d8       28%         6
 Tukima's Dance           Hex            10%        N/A       38%         3
 Summon Forest            Summ/Tloc      13%        N/A       56%         5
 Petrify                  Tmut/Erth      9%         N/A       80%         4
 Summon Mana Viper        Hex/Summ       10%        N/A       98%         5
 Yara's Violent Unravell  Hex/Tmut       4%         3d4       98%         5
 Blade Hands              Tmut           4%         N/A       99%         5
 Summon Cactus Giant      Summ           5%         N/A       100%        6
 Dragon Form              Tmut           4%         N/A       100%        7
 Ignition                 Fire           25%        3d9       100%        8
 Chain Lightning          Conj/Air       26%        3d35      100%        9


Dungeon Overview and Level Annotations

Branches:
Dungeon (14/15)            Temple (1/1) D:7            Lair (5/5) D:9
 Shoals (0/4) Lair:3       Spider (0/4) Lair:2        Slime (0/5) Lair:5
    Orc (2/2) D:11            Elf (0/3) Orc:2       Ossuary (visited)
 Bailey (visited)
 Vaults: D:13-14

Altars:
Ashenzari
Cheibriados
Dithmenos
Elyvilon
Fedhas
Gozag
Hepliaklqana
Kikubaaqudgha
Makhleb
Nemelex Xobeh
Okawaru
Qazlal
Ru
Sif Muna
Trog
Uskayaw
Vehumet
Wu Jian
Xom
Yredelemnul
Zin
The Shining One

Shops:
D:2 *   D:9 *   D:11 [   Orc:1 (   Orc:2 =*([

Annotations:
D:6 Maggie
D:9 1 runed translucent door, Tollund's ghost, novice HOMo


Innate Abilities, Weirdness & Mutations

You have a beak for a mouth.
You have claws for feet.
Your magical nature lets you fly swiftly and evasively.


Message History

The efreet hits you with a +4 scimitar of flaming!
The efreet burns you.
The howler monkey hoots and howls with incredible vigour!
You hear a shout!
You hit the efreet.
Flame seeps out of the efreet.
You claw the efreet, but do no damage.
The efreet is heavily wounded.
Your +6 spear of Yrphulop {spect, rN+ Will+ Int+3 Dex+4} hits the efreet from afar.
Flame seeps out of the efreet.
Your +6 spear of Yrphulop {spect, rN+ Will+ Int+3 Dex+4} is engulfed in blazing flames.
The efreet gestures at you.
The fireball explodes!
The fireball engulfs you!!
The fireball engulfs your +6 spear of Yrphulop {spect, rN+ Will+ Int+3 Dex+4}!
Your +6 spear of Yrphulop {spect, rN+ Will+ Int+3 Dex+4} resists.
Your spectral weapon shares its damage with you!
The fireball engulfs the efreet.
The efreet completely resists.
Your +6 spear of Yrphulop {spect, rN+ Will+ Int+3 Dex+4} is engulfed in blazing flames.
The efreet barely misses your +6 spear of Yrphulop {spect, rN+ Will+ Int+3 Dex+4}.
You feel much better.
The howler monkey is engulfed in blazing flames.
Flame seeps out of the howler monkey.
The efreet closely misses you.
Unknown command.
You hit the efreet but do no damage. You peck the efreet, but do no damage.
The efreet is heavily wounded.
Your +6 spear of Yrphulop {spect, rN+ Will+ Int+3 Dex+4} hits the efreet.
Flame seeps out of the efreet.
The howler monkey is engulfed in blazing flames.
The howler monkey explodes!
The fiery explosion engulfs the efreet.
The efreet completely resists.
The efreet is severely wounded.
The efreet misses you.
Unknown command.
You hit the efreet.
Flame seeps out of the efreet.
The efreet is severely wounded.
Your +6 spear of Yrphulop {spect, rN+ Will+ Int+3 Dex+4} hits the efreet!
The efreet explodes!
The fiery explosion engulfs you!!!
* * * LOW HITPOINT WARNING * * *
You are engulfed in blazing flames.
You die...

#.........# **
#....<....##........
#.........##........
,
#.........##........
#.........##....☼...
,
#.........##....§...
*
#.........##..§§§☼..
, *
#.........##...§☼..>
* ,
#.........##@(.§○...
#.........##°§°○....
*
#.........##○§.°○°..
,
#..........°)§☼☼§...
* , *
###.#.######C######.*
* #... * #Q# *, ##..
* ,.*. , * # * ,,....
, , * ,..°..


You could see a cyclops (inner flame), a tengu conjurer, a battlesphere
(distracted) and a friendly +6 spear of Yrphulop {spect, rN+ Will+ Int+3 Dex+4}
(summoned).

Vanquished Creatures
  2 orc warlords (Orc:2)
  Josephine (D:10)
  Fannar (Lair:1)
  2 vault guards (Bailey)
  An ogre mage (D:13)
  3 hydras (Lair:5)
  2 boulder beetles
  Erica (D:8)
  A centaur warrior (D:14)
  9 two-headed ogres
  A tengu warrior (D:13)
  10 death yaks
  4 orc high priests (Orc:2)
  Urug (Lair:5)
  Sonja (Lair:2)
  A goliath frog (Lair:5)
  An orb spider (Lair:2)
  Pikel (D:6)
  A deep elf pyromancer (D:14)
  4 orc knights
  2 ugly things
  5 orc sorcerers
  2 manticores
  9 elephants
  2 black mambas
  17 cane toads
  2 gargoyles
  2 rime drakes
  2 efreet
  A kobold demonologist (D:12)
  8 komodo dragons
  4 unseen horrors
  A tengu conjurer (D:14)
  10 trolls
  A polar bear (Lair:5)
  2 tyrant leeches (Lair:5)
  A wind drake (Lair:3)
  33 blink frogs
  7 slime creatures
  Prince Ribbit (Bailey)
  8 dream sheep
  6 wraiths (D:10)
  A vampire (D:12)
  43 yaks
  4 wyverns
  3 basilisks
  5 humans (Bailey)
  11 vampire mosquitoes
  Edmund (D:6)
  2 steam dragons
  3 wargs
  An acid dragon (D:12)
  15 water moccasins
  Duvessa (D:7)
  35 orc warriors
  A sky beast (D:7)
  2 black bears (D:6)
  5 wolves (Lair:4)
  6 centaurs
  10 ogres
  A phantom (D:5)
  A lemure (D:5)
  3 kobold brigands
  An elf zombie (Ossuary)
  30 bullfrogs
  A gnoll sergeant (Orc:1)
  2 scorpions
  A necrophage (D:5)
  4 wights (D:6)
  Dowan (D:7)
  4 killer bees (D:9)
  6 howler monkeys
  2 electric eels (Lair:5)
  3 jellies
  2 gnoll boudas
  8 orc priests
  5 hounds
  4 iguanas
  Natasha (thrice) (D:4)
  13 hell rats
  14 orc wizards
  2 mummies (Ossuary)
  9 adders
  18 gnolls
  A white imp (D:6)
  A worm (D:2)
  5 dart slugs
  64 orcs
  7 ball pythons
  6 endoplasms
  A giant cockroach (D:1)
  12 goblins
  11 hobgoblins
  6 jackals
  A quokka (D:3)
  3 bats
  3 frilled lizards
  3 gnoll zombies (Ossuary)
  3 goblin zombies (Ossuary)
  3 hobgoblin zombies (Ossuary)
  10 kobolds
  4 orc zombies (Ossuary)
  4 rats (D:3)
  A spectral orc (D:9)
610 creatures vanquished.

Vanquished Creatures (others)
  2 orcs (Orc:2)
  A bush (Lair:5)
  49 fungi
  112 plants
164 creatures vanquished.

Grand Total: 774 creatures vanquished

Notes
Turn   | Place    | Note
-------+----------+-------------------------------------------
     0 | D:1      | Shayle the Tengu Brigand began the quest for the Orb.
     0 | D:1      | Reached XP level 1. HP: 12/12 MP: 2/2
   181 | D:1      | Reached skill level 1 in Spellcasting
   191 | D:1      | Reached XP level 2. HP: 14/17 MP: 4/4
   661 | D:1      | Reached XP level 3. HP: 21/21 MP: 6/6
   940 | D:2      | Found Soghuane's General Store.
  1182 | D:2      | Identified the +0 ring mail of Hospitality {Slay+4}
  1471 | D:2      | Reached XP level 4. HP: 27/27 MP: 8/8
  1698 | D:3      | Reached skill level 1 in Armour
  1758 | D:3      | Gained mutation: Your magical nature lets you fly swiftly
                  | and evasively. [Tengu growth]
  1758 | D:3      | Reached XP level 5. HP: 30/32 MP: 9/9
  1961 | D:3      | Found an iron altar of Okawaru.
  3036 | D:4      | Reached XP level 6. HP: 34/37 MP: 11/11
  3374 | D:4      | Noticed Natasha
  3377 | D:4      | Killed Natasha
  3524 | D:4      | Noticed Natasha
  3533 | D:4      | Killed Natasha
  3739 | D:4      | Noticed Natasha
  3754 | D:4      | Killed Natasha
  3755 | D:4      | Reached XP level 7. HP: 42/42 MP: 13/13
  3794 | D:5      | Entered Level 5 of the Dungeon
  3950 | D:5      | Found a sand-covered staircase.
  3955 | Ossuary  | Entered an ossuary
  4253 | D:5      | Learned a level 3 spell: Mephitic Cloud
  4325 | D:5      | Reached skill level 1 in Conjurations
  4325 | D:5      | Reached skill level 1 in Air Magic
  4574 | D:5      | Reached skill level 1 in Poison Magic
  4592 | D:5      | Reached XP level 8. HP: 44/48 MP: 15/15
  4976 | D:6      | Noticed Edmund
  4991 | D:6      | Killed Edmund
  4992 | D:6      | Reached skill level 5 in Fighting
  4993 | D:6      | Noticed a troll
  5125 | D:6      | HP: 1/49 [troll (6)]
  5140 | D:6      | Killed a troll
  5141 | D:6      | Reached skill level 5 in Armour
  5141 | D:6      | Reached XP level 9. HP: 21/54 MP: 15/17
  5495 | D:6      | Noticed Pikel
  5692 | D:6      | Killed Pikel
  5693 | D:6      | Reached skill level 5 in Spellcasting
  5693 | D:6      | Reached skill level 5 in Conjurations
  5881 | D:6      | Noticed Maggie
  6096 | D:7      | Noticed Duvessa
  6097 | D:7      | Reached skill level 5 in Air Magic
  6097 | D:7      | Noticed Dowan
  6107 | D:7      | Killed Duvessa
  6114 | D:7      | Killed Dowan
  6286 | D:7      | Found a staircase to the Ecumenical Temple.
  6301 | Temple   | Entered the Ecumenical Temple
  6448 | Temple   | Became a worshipper of Ashenzari the Shackled
  7021 | D:8      | Found a shimmering altar of Xom.
  7021 | D:8      | Found an ornate altar of the Wu Jian Council.
  7024 | D:8      | Found a burning altar of Makhleb.
  7024 | D:8      | Found a shimmering blue altar of Sif Muna.
  7168 | D:8      | Noticed Erica
  7179 | D:8      | Killed Erica
  7180 | D:8      | Reached XP level 10. HP: 48/61 MP: 12/19
  7484 | D:8      | Reached skill level 5 in Dodging
  7493 | D:8      | Reached skill level 5 in Poison Magic
  7800 | D:8      | Reached skill level 5 in Stealth
  8445 | D:9      | Found a staircase to the Lair.
  8454 | Lair:1   | Entered Level 1 of the Lair of Beasts
  8455 | Lair:1   | Noticed Fannar
  8606 | D:9      | Found a runed translucent door.
  8606 | D:9      | Noticed Tollund's ghost (novice HOMo)
  8931 | D:9      | Found Yffoelon's Assorted Antiques.
  8938 | D:9      | Bought a polished short sword for 216 gold pieces
  8938 | D:9      | Identified the +3 short sword of Ragnarok {venom, rPois
                  | rN+} (You bought it in a shop on level 9 of the Dungeon)
  8971 | D:9      | Reached * piety under Ashenzari
  9047 | D:9      | Found a basalt altar of Yredelemnul.
  9419 | D:9      | Found a glowing golden altar of the Shining One.
  9473 | D:9      | Found an opulent altar of Gozag.
  9479 | D:9      | Learned a level 4 spell: Olgreb's Toxic Radiance
  9540 | D:10     | Entered Level 10 of the Dungeon
  9569 | D:10     | Found a flagged portal.
  9604 | Bailey   | Entered a bailey
  9667 | Bailey   | Reached XP level 11. HP: 61/67 MP: 15/20
  9830 | Bailey   | Noticed a vault guard
  9839 | Bailey   | Killed a vault guard
  9941 | Bailey   | Noticed Prince Ribbit
  9941 | Bailey   | Noticed a vault guard
  9976 | Bailey   | Killed Prince Ribbit
  9981 | Bailey   | Killed a vault guard
 10523 | Lair:1   | Killed Fannar
 10736 | Lair:1   | Noticed a boulder beetle
 10757 | Lair:1   | Killed a boulder beetle
 11831 | Lair:2   | Noticed Sonja
 11843 | Lair:2   | Killed Sonja
 11907 | Lair:2   | Found a glowing golden altar of the Shining One.
 11938 | Lair:2   | Found a hole to the Spider Nest.
 11938 | Lair:2   | Noticed an orb spider
 11947 | Lair:2   | Killed an orb spider
 11948 | Lair:2   | Reached XP level 12. HP: 74/74 MP: 14/21
 12077 | Lair:2   | Learned a level 4 spell: Passage of Golubria
 12700 | Lair:3   | Reached skill level 1 in Translocations
 13103 | Lair:2   | Learned a level 5 spell: Fireball
 13732 | Lair:3   | Found a staircase to the Shoals.
 13799 | Lair:3   | Reached skill level 1 in Fire Magic
 15035 | Lair:4   | Identified the +6 spear of Yrphulop {spect, rN+ Will+ Int+3
                  | Dex+4}
 15183 | Lair:4   | Reached ** piety under Ashenzari
 15806 | Lair:5   | Entered Level 5 of the Lair of Beasts
 15813 | Lair:5   | Reached skill level 1 in Evocations
 15816 | Lair:5   | Reached XP level 13. HP: 63/83 MP: 12/23
 16587 | Lair:5   | Reached skill level 5 in Fire Magic
 16706 | Lair:5   | Reached skill level 10 in Fighting
 17752 | Lair:5   | Identified the +7 quarterstaff of the Charming Big Fish
                  | {flame, Dex+2}
 17752 | Lair:5   | Noticed Urug
 18178 | Lair:5   | Reached skill level 10 in Dodging
 18527 | Lair:5   | Learned a level 5 spell: Irradiate
 18563 | Lair:5   | Reached skill level 5 in Translocations
 18744 | Lair:5   | Reached XP level 14. HP: 81/90 MP: 25/25
 18978 | Lair:5   | Killed Urug
 19352 | Lair:5   | Identified the Compilation of the Sky
 20248 | Lair:4   | Reached skill level 5 in Evocations
 21041 | Lair:5   | Found a staircase to the Slime Pits.
 22051 | D:10     | Identified the +1 leather armour of Wisdom {+Blink Regen+}
 22109 | D:10     | Noticed Josephine
 22116 | D:10     | Killed Josephine
 23062 | D:11     | Found Ushrat's Antique Armour Boutique.
 23607 | D:11     | Found a staircase to the Orcish Mines.
 23826 | D:11     | Identified the +2 chain mail of Rinashroa {-Tele Int+8}
 24998 | D:12     | Found Jepe Baa's Distillery.
 26334 | Orc:1    | Entered Level 1 of the Orcish Mines
 26613 | Orc:1    | Found Socaerin's Weapon Shop.
 26678 | Orc:1    | Reached XP level 15. HP: 95/97 MP: 3/28
 27005 | Orc:2    | Entered Level 2 of the Orcish Mines
 27025 | Orc:2    | Noticed an orc warlord
 27044 | Orc:2    | Killed an orc warlord
 29147 | Orc:2    | Found Gucent's Antique Weapon Emporium.
 29330 | Orc:2    | Found a staircase to the Elven Halls.
 29336 | Orc:2    | Found Gidoymue's Jewellery Emporium.
 29429 | Orc:2    | Found Qalew's General Store.
 29437 | Orc:2    | Bought a potion of curing for 36 gold pieces
 29456 | Orc:2    | Found Vumua's Antique Armour Boutique.
 29564 | Orc:2    | Noticed an orc warlord
 29570 | Orc:2    | Killed an orc warlord
 31479 | D:14     | Found a hide-covered altar of Uskayaw.
 31496 | D:14     | Engulfed by a cloud of flame

Illustrated notes

Levels and vault maps discovered:
D:1:      nzn_arrival_water_spiral, layout_basic
D:2:      layout_basic, serial_shops, nicolae_shop_hallway_plus, moated_statue
D:3:      layout_rooms, lemuel_doored_altar, corexii_item_surrounded_by_moat
D:4:      nicolae_cairo_tiling_large, layout_gridville, uniq_natasha
D:5:      layout_gridville, nicolae_ossuary_entry_plus
D:6:      layout_rooms, minmay_misc_feat_columns, dreamdust_mushroom_princess,
          uniq_edmund, uniq_maggie, uniq_pikel
D:7:      hellmonk_ruined_rings, layout_loops_ring,
          minmay_temple_entry_gardened_gates, uniq_duvessa
D:8:      layout_layer_cave, grunt_temple_overflow_open, serial_bayou_crossing,
          uniq_erica
D:9:      layout_loops_cross, mainiacjoe_overflow_big_doors,
          yredelemnul_forgotten_temple_becter, lair_entry_dummy, serial_shops,
          nicolae_square_shop, hellmonk_ghost_happy_afterlife,
          hangedman_abyss_or_decor_passed
D:10:     layout_roguey, enter_bailey_5, uniq_josephine
D:11:     layout_irregular_city, orc_0_dummy, serial_shops, shop
D:12:     layout_loops_ring, serial_rivers, chequers_serial_rivers_marsh,
          chequers_serial_rivers_micro_c, chequers_serial_rivers_large_a,
          chequers_serial_rivers_micro_c, chequers_serial_rivers_small_b,
          serial_shops, kennysheep_little_box, kennysheep_nondescript
D:13:     layout_grid_maze
D:14:     layout_long_grid, skrybe_vaults_entry_preservation,
          lemuel_coloured_pillars_altar, minmay_ruined_shrine
Temple:   nicolae_temple_bog_church
Lair:1:   layout_roguey, nzn_sisyphean_effort, grunt_megastairs_2,
          infiniplex_staircase_pool_2, uniq_fannar
Lair:2:   layout_long_grid, nicolae_spider_entry_orb_guardian, basic_altar,
          uniq_sonja
Lair:3:   layout_cave_pods, minmay_shoals_entry_beasts
Lair:4:   layout_regular_city
Lair:5:   minmay_lair_end_frog_pond, layout_loops_ring, slime_entry_1,
          minivault_26, uniq_urug
Orc:1:    layout_diamond_mine, serial_shops, shop
Orc:2:    grunt_orc_gardens, layout_diamond_mine, grunt_orc_garden,
          grunt_orc_garden, grunt_orc_garden, grunt_orc_garden,
          nicolae_volcano_entry_lava_flow

Skill      XL: |  1  2  3  4  5  6  7  8  9 10 11 12 13 14 15 |
---------------+----------------------------------------------+-----
Spellcasting   | 1 2 3 4 5 7 |  7.8
Dodging        | 2 3 4 6 7 9 10 11 | 11.9
Armour         | 1 2 3 5 6 |  6.0
Fighting       | 3 4 5 6 7 8 9 10 11 | 11.8
Conjurations   | 1 4 6 7 9 |  9.7
Air Magic      | 1 4 6 7 9 |  9.4
Poison Magic   | 1 3 4 5 7 |  7.0
Stealth        | 5 7 8 9 |  9.9
Translocations | 3 5 6 7 |  7.1
Fire Magic     | 4 6 8 |  8.9
Evocations     | 1 4 6 7 |  7.3
Short Blades   | |  2.3
Throwing       | |  2.0

Action                   |  1- 3 |  4- 6 |  7- 9 | 10-12 | 13-15 || total
-------------------------+-------+-------+-------+-------+-------++-------
Melee: Dagger            |    56 |    89 |     1 |       |    13 ||   159
       Kick              |    16 |    23 |    41 |   155 |   228 ||   463
       Peck              |     6 |    15 |    32 |    84 |   147 ||   284
       Punch             |       |     2 |     2 |     6 |    12 ||    22
       Morningstar       |       |       |   139 |    55 |       ||   194
       Short sword       |       |       |       |   277 |    40 ||   317
       Spear             |       |       |       |    30 |   474 ||   504
Throw: Dart              |     5 |       |     8 |       |     4 ||    17
       Throwing net      |       |       |     2 |       |       ||     2
 Cast: Mephitic Cloud    |       |       |     3 |    48 |    60 ||   111
       Olgreb's Toxic Ra |       |       |       |    28 |    60 ||    88
       Fireball          |       |       |       |       |   140 ||   140
       Passage of Golubr |       |       |       |       |     1 ||     1
Invok: Curse Item        |       |       |     1 |     2 |       ||     3
Evoke: Wand              |       |       |     5 |     1 |    28 ||    34
  Use: Scroll            |       |    13 |     6 |     7 |     7 ||    33
       Potion            |       |     1 |     4 |     1 |     6 ||    12
 Stab: Sleeping          |    11 |     8 |     4 |     5 |     5 ||    33
       Confused          |       |       |     2 |    24 |    25 ||    51
       Distracted        |       |       |       |     2 |     6 ||     8
       Paralysed         |       |       |       |     2 |       ||     2
Armor: Robe              |     7 |       |       |       |       ||     7
       Ring mail         |       |    20 |    42 |    79 |    75 ||   216
Dodge: Dodged            |    31 |    48 |   108 |   279 |   535 ||  1001
